 Dungeon Crawl Stone Soup version 0.20.1-1-g8b1a95d (webtiles) character file.

3309 straycat the Covert (level 9, -5/64 HPs)
             Began as a Vampire Wanderer on July 24, 2017.
             Was a Follower of Hepliaklqana.
             Slain by a death yak (22 damage)
             ... on level 8 of the Dungeon on July 25, 2017.
             The game lasted 00:46:20 (7737 turns).

straycat the Covert (Vampire Wanderer)              Turns: 7737, Time: 00:46:21

Health: -5/64      AC:  7    Str: 12    XL:     9   Next: 70%
Magic:  11/11      EV: 19    Int: 12    God:    Hepliaklqana [*.....]
Gold:   384        SH:  5    Dex: 18    Spells: 9/11 levels left

rFire    + . .     SeeInvis +   x - +1 dagger (venom)
rCold    . . .     Gourm    .   o - +0 buckler
rNeg     + . .     Faith    .   i - +0 leather armour
rPois    .         Spirit   .   (no helmet)
rElec    .         Reflect  .   A - +0 cloak
rCorr    .         Harm     .   l - +2 pair of gloves
MR       .....                  (no boots)
Stlth    ++++......             (no amulet)
Regen    0.2/turn               p - +3 ring of slaying
MPRegen  0.2/turn               B - ring of protection from fire

@: no status effects
A: reduced essence, fangs 3, see invisible, unbreathing
a: Bat Form, Recall Ancestor, Ancestor Identity, Renounce Religion


You were on level 8 of the Dungeon.
You worshipped Hepliaklqana.
Hepliaklqana was aware of your devotion.
You were not thirsty.

You visited 2 branches of the dungeon, and saw 9 of its levels.

You collected 384 gold pieces.

Inventory:

Hand Weapons
 a - a +2 spear
 g - a +2 flail of crushing
 n - a +0 hunting sling
 s - a +0 hand crossbow
 x - a +1 dagger of venom (weapon)
 G - a +3 morningstar
 L - a cursed -1 dagger
Missiles
 d - 146 arrows
 j - 102 sling bullets
 k - a tomahawk (quivered)
 m - 60 bolts
 y - 10 poisoned needles
Armour
 i - a +0 leather armour (worn)
 l - a +2 pair of gloves (worn)
 o - a +0 buckler (worn)
 v - a +0 large shield
 A - a +0 cloak (worn)
 F - a +1 ring mail of poison resistance
Jewellery
 p - a +3 ring of slaying (left hand)
 B - a ring of protection from fire (right hand)
 I - a +6 ring of slaying
Wands
 c - a wand of random effects (44/48)
 r - a wand of polymorph (12/24)
Scrolls
 b - 2 scrolls of teleportation
 q - 3 scrolls of identify
 w - a scroll of enchant weapon
 D - a scroll of remove curse
 E - 4 scrolls of recharging
 K - a scroll of noise {unknown}
 M - a scroll of random uselessness {unknown}
Potions
 e - 17 potions of blood
 f - 3 potions of haste
 h - 2 potions of heal wounds
 t - 3 potions of curing
 u - a potion of berserk rage
 z - a potion of invisibility
 C - 2 potions of magic
 H - 2 potions of agility {unknown}
Books
 J - a book of Minor Magic

   Spells                             Type                      Level
   a - Magic Dart                     Conjuration                  1
   b - Blink                          Translocation                2
   c - Call Imp                       Summoning                    2
   d - Slow                           Hexes                        2
   e - Conjure Flame                  Conjuration/Fire             3
   f - Mephitic Cloud                 Conjuration/Poison/Air       3


   Skills:
 - Level 7.0 Fighting
 + Level 2.2 Short Blades
 - Level 1.0 Throwing
 * Level 10.0 Dodging
 + Level 10.2 Stealth
 - Level 4.0 Shields
 + Level 1.6 Spellcasting
 - Level 1.0 Evocations


You had 9 spell levels left.
You knew the following spells:

 Your Spells              Type           Power        Failure   Level  Hunger
a - Slow                  Hex            #.......     47%         2    ###....


Dungeon Overview and Level Annotations

Branches:
Dungeon (8/15)             Temple (1/1) D:4
   Lair: D:8-11

Altars:
Ashenzari
Cheibriados
Dithmenos
Elyvilon
Fedhas
Hepliaklqana
Kikubaaqudgha
Makhleb
Nemelex Xobeh
Okawaru
Qazlal
Ru
Sif Muna
Trog
Uskayaw
Vehumet
Xom
Yredelemnul
Zin
The Shining One

Shops:
D:5 :   D:6 (


Innate Abilities, Weirdness & Mutations

You have razor-sharp teeth.
You have supernaturally acute eyesight. (SInv)
You can survive without breathing.
Your life essence is reduced to manifest your ancestor. (-10% HP)


Message History

You barely miss the death yak.
The death yak is heavily wounded.
The ogre moves out of view.
The howler monkey hoots and howls with incredible vigour!
An adder comes into view.
The howler monkey hoots and howls with incredible vigour!
A river rat comes into view.
You hit the death yak but do no damage.
The death yak looks as sick as possible!
The death yak is heavily wounded.
You hit the death yak but do no damage.
The death yak looks as sick as possible!
The death yak is severely wounded.
You hit the death yak but do no damage.
The death yak looks as sick as possible!
The death yak is severely wounded.
The death yak gores you!
* * * LOW HITPOINT WARNING * * *
The death yak gores you!!
You die...

#h)Y..h# #HyrY..#
#y# ###.# ##.
##.Yh# #.########
#y.### #.#§§§§§§§
#Y## #.#§§§§§§§
#Yh# #.#§§§§§§§
##@# #.#§§§§§§§
#.## ##.######§§
#..#####......_#8§
###....##..######§§
#..........#§§§§§§§
#..........#§§§§§§§
#..........#§§§§§§§
#..........#§§§§§§§
#..........########


You could see 2 death yaks, a howler monkey and a killer bee.

Vanquished Creatures
  Eustachio (D:6)
  Menkaure (D:4)
  Edmund (D:6)
  2 water moccasins
  Duvessa (D:6)
  An ice beast (D:7)
  3 sky beasts
  3 ogres
  2 big kobolds
  A bullfrog (D:7)
  A gnoll sergeant (D:6)
  Dowan (D:6)
  A scorpion (D:4)
  4 killer bees (D:7)
  3 wights (D:6)
  2 howler monkeys (D:8)
  A crimson imp (D:7)
  A quasit (D:6)
  A jelly (D:5)
  A centaur skeleton (D:4)
  3 hounds
  9 orc wizards
  2 iguanas
  6 worker ants
  A hound zombie (D:5)
  A hound skeleton (D:4)
  14 gnolls
  5 adders
  2 shadow imps
  An ooze (D:3)
  2 worms
  A dart slug (D:1)
  3 leopard geckos
  14 orcs
  7 giant cockroaches
  8 goblins
  6 hobgoblins
  4 quokkas
  4 ball pythons
  6 bats
  2 frilled lizards
  17 kobolds
  A quokka skeleton (D:4)
  5 rats
156 creatures vanquished.

Vanquished Creatures (collateral kills)
  A sky beast (D:7)
  A black bear (D:7)
  A jelly (D:7)
  A hound (D:7)
  3 kobolds (D:8)
  A leopard gecko skeleton (D:7)
  A quokka skeleton (D:7)
9 creatures vanquished.

Vanquished Creatures (others)
  An ancestor (D:8)
1 creature vanquished.

Grand Total: 166 creatures vanquished

Notes
Turn   | Place    | Note
-------+----------+-------------------------------------------
     0 | D:1      | straycat the Vampire Wanderer began the quest for the Orb.
     0 | D:1      | straycat set off with: a +2 spear, a scroll of teleportation, a wand of random effects (15/48), a +0 robe, a potion of blood
     0 | D:1      | Reached XP level 1. HP: 20/20 MP: 1/1
   119 | D:1      | Reached XP level 2. HP: 23/26 MP: 2/2
  1106 | D:2      | Reached XP level 3. HP: 13/31 MP: 3/3
  1347 | D:2      | Found a faded altar of an unknown god.
  1734 | D:2      | Found a radiant altar of Vehumet.
  2280 | D:3      | Noticed a big kobold
  2363 | D:3      | Reached XP level 4. HP: 30/38 MP: 4/4
  2606 | D:3      | Reached XP level 5. HP: 27/43 MP: 5/5
  2612 | D:3      | Reached skill level 5 in Fighting
  2748 | D:3      | Reached skill level 5 in Dodging
  2748 | D:3      | Reached skill level 5 in Stealth
  3000 | D:3      | Reached XP level 6. HP: 49/51 MP: 6/6
  3109 | D:4      | Noticed a water moccasin
  3119 | D:4      | Killed a water moccasin
  3119 | D:4      | Reached skill level 1 in Shields
  3415 | D:5      | Entered Level 5 of the Dungeon
  3572 | D:5      | Reached XP level 7. HP: 46/56 MP: 7/7
  3877 | D:5      | Found Loir's Book Emporium.
  4089 | D:5      | Found a burning altar of Makhleb.
  4267 | D:4      | Noticed Menkaure
  4285 | D:4      | Killed Menkaure
  4285 | D:4      | Reached XP level 8. HP: 42/64 MP: 8/8
  4845 | D:4      | Found a staircase to the Ecumenical Temple.
  4856 | Temple   | Entered the Ecumenical Temple
  6025 | D:6      | Found a basalt altar of Yredelemnul.
  6058 | D:6      | Noticed Edmund
  6064 | D:6      | Killed Edmund
  6104 | D:6      | Noticed Dowan
  6105 | D:6      | Noticed Duvessa
  6127 | D:6      | Killed Duvessa
  6143 | D:6      | Killed Dowan
  6143 | D:6      | Reached XP level 9. HP: 43/71 MP: 9/9
  6326 | D:6      | Noticed Eustachio
  6390 | D:6      | Killed Eustachio
  6429 | D:6      | Found a hazy altar of Hepliaklqana.
  6445 | D:6      | Became a worshipper of Hepliaklqana the Forgotten
  6551 | D:6      | Found Arogitz's Weapon Emporium.
  6790 | D:7      | Found an ancient bone altar of Kikubaaqudgha.
  7273 | D:7      | Found a sparkling altar of Nemelex Xobeh.
  7291 | D:7      | Learned a level 2 spell: Slow
  7299 | D:7      | Reached * piety under Hepliaklqana
  7342 | D:7      | Reached skill level 1 in Short Blades
  7488 | D:7      | Reached skill level 10 in Stealth
  7488 | D:7      | Reached skill level 1 in Spellcasting
  7639 | D:8      | Found a stormy altar of Qazlal.
  7680 | D:8      | Reached skill level 10 in Dodging
  7694 | D:8      | Noticed a death yak
  7700 | D:8      | Noticed a death yak
  7703 | D:8      | Noticed a death yak
  7737 | D:8      | Slain by a death yak

Skill      XL: |  1  2  3  4  5  6  7  8  9 |
---------------+----------------------------+-----
Stealth        | 2 3 4 5 6 7 8 10 | 10.2
Dodging        | 3 4 5 7 8 10 | 10.0
Fighting       | 5 6 7 |  7.0
Shields        | 1 2 3 4 |  4.0
Short Blades   | 2 |  2.2
Spellcasting   | 1 |  1.6
Throwing       | |  1.0
Evocations     | |  1.0

Action                   |  1- 3 |  4- 6 |  7- 9 || total
-------------------------+-------+-------+-------++-------
Melee: Spear             |   136 |     9 |       ||   145
       Bite              |    11 |    14 |    62 ||    87
       Dagger            |       |   121 |   411 ||   532
 Fire: Hand crossbow     |       |       |     3 ||     3
Throw: Tomahawk          |       |       |     4 ||     4
       Throwing net      |       |       |     1 ||     1
Invok: Ancestor Identity |       |       |     1 ||     1
 Abil: Bat Form          |       |     1 |       ||     1
  Use: Potion            |     3 |     7 |    10 ||    20
       Scroll            |       |     9 |     1 ||    10
 Stab: Sleeping          |     7 |     3 |     9 ||    19
       Held in net/web   |       |       |     1 ||     1
  Eat: Corpse            |       |       |     4 ||     4
Armor: Robe              |    11 |       |       ||    11
       Leather armour    |    13 |    29 |    63 ||   105
Dodge: Dodged            |    89 |    92 |   314 ||   495
Block: Buckler           |       |       |    36 ||    36
